TOP OF THE 1ST |
Mobile BayBears batting - Pitching for Columbia Fireflies : RHP David Anzaldua
|
Pitching: RHP David Anzaldua
|
|
Batting: LHB Josh Gottlieb
|
0-0: Ball 1-0: Called Strike 1-1: Ball 2-1: Called Strike 2-2: Strikes out swinging
|
Batting: LHB Bobby Arevalo
|
0-0: Ball 1-0: Foul Ball, location: 2F 1-1: Called Strike 1-2: Ball 2-2: Ball 3-2: Fly out, F8 (Line Drive, 8LM, EV 88.1 MPH)
|
Batting: RHB Shane Smith
|
0-0: Swinging Strike 0-1: Ball 1-1: Foul Ball, location: 2F 1-2: Foul Ball, location: 2F 1-2: Ball 2-2: Ball 3-2: DOUBLE (Groundball, 5L, EV 105.6 MPH)
|
Batting: RHB Toichiro Fujimoto
|
0-0: Ball 1-0: Foul Ball, location: 2F 1-1: Ball 2-1: Ball 3-1: Foul Ball, location: 2F 3-2: Base on Balls
|
Batting: LHB Josh Kirk
|
0-0: Foul Ball, location: 2F 0-1: Called Strike 0-2: Foul Ball, location: 2F 0-2: Ball 1-2: Strikes out swinging
|
Top of the 1st over - 0 runs, 1 hit, 0 errors, 2 left on base; Mobile 0 - Columbia 0 |
BOTTOM OF THE 1ST |
Columbia Fireflies batting - Pitching for Mobile BayBears : RHP Zach Wahlin
|
Pitching: RHP Zach Wahlin
|
|
Batting: RHB Billy Walker
|
0-0: Called Strike 0-1: Foul Ball, location: 2F 0-2: Strikes out looking
|
Batting: RHB Josh Jones
|
0-0: Ground out 4-3 (Groundball, 4, EV 94.4 MPH)
|
Batting: RHB Masaya Nakamura
|
0-0: Ball 1-0: Swinging Strike 1-1: Foul Ball, location: 2F 1-2: Strikes out swinging, 2-3 out at first.
|
Bottom of the 1st over - 0 runs, 0 hits, 0 errors, 0 left on base; Mobile 0 - Columbia 0 |
TOP OF THE 2ND |
Mobile BayBears batting - Pitching for Columbia Fireflies : RHP David Anzaldua
|
Batting: RHB Andy Schuett
|
0-0: Ground out 6-3 (Groundball, 6, EV 92.5 MPH)
|
Batting: RHB Franklin Villanueva
|
0-0: Ball 1-0: Called Strike 1-1: Called Strike 1-2: Ball 2-2: Foul Ball, location: 2F 2-2: Strikes out looking
|
Batting: RHB Scott Carr
|
0-0: Called Strike 0-1: Foul Ball, location: 2F 0-2: Fly out, F5 (Line Drive, 5, EV 73.1 MPH)
|
Top of the 2nd over - 0 runs, 0 hits, 0 errors, 0 left on base; Mobile 0 - Columbia 0 |
BOTTOM OF THE 2ND |
Columbia Fireflies batting - Pitching for Mobile BayBears : RHP Zach Wahlin
|
Batting: LHB Jose Chavez
|
0-0: Foul Ball, location: 2F 0-1: Ball 1-1: Called Strike 1-2: Ball 2-2: Strikes out swinging
|
Batting: RHB Mike Phillips
|
0-0: Called Strike 0-1: Ball 1-1: Swinging Strike 1-2: Ground out 4-3 (Groundball, 4, EV 101.2 MPH)
|
Batting: LHB Elmo Dreier
|
0-0: Ground out U3 (Groundball, 3, EV 107.5 MPH)
|
Bottom of the 2nd over - 0 runs, 0 hits, 0 errors, 0 left on base; Mobile 0 - Columbia 0 |
TOP OF THE 3RD |
Mobile BayBears batting - Pitching for Columbia Fireflies : RHP David Anzaldua
|
Batting: LHB J.D. Onorati
|
0-0: Called Strike 0-1: Ball 1-1: Ball 2-1: Foul Ball, location: 2F 2-2: Foul Ball, location: 2F 2-2: Ball 3-2: Base on Balls
|
Batting: LHB Josh Gottlieb
|
0-0: Foul Ball, location: 2F 0-1: Foul Ball, location: 2F 0-2: Ball 1-2: Strikes out looking
|
Batting: LHB Bobby Arevalo
|
0-0: Ball 1-0: Foul Ball, location: 2F 1-1: Grounds into double play, 4-6-3 (Groundball, 4, EV 86.9 MPH)
|
Top of the 3rd over - 0 runs, 0 hits, 0 errors, 0 left on base; Mobile 0 - Columbia 0 |
BOTTOM OF THE 3RD |
Columbia Fireflies batting - Pitching for Mobile BayBears : RHP Zach Wahlin
|
Batting: LHB Joel Soto
|
0-0: Ball 1-0: Foul Ball, location: 2F 1-1: Foul Ball, location: 2F 1-2: Strikes out looking
|
Batting: RHB Jeff Page
|
0-0: Called Strike 0-1: Called Strike 0-2: Ball 1-2: Strikes out looking
|
Batting: RHB Bill Larsen
|
0-0: Called Strike 0-1: Ball 1-1: Ball 2-1: Ground out 6-3 (Groundball, 6, EV 103.8 MPH)
|
Bottom of the 3rd over - 0 runs, 0 hits, 0 errors, 0 left on base; Mobile 0 - Columbia 0 |
TOP OF THE 4TH |
Mobile BayBears batting - Pitching for Columbia Fireflies : RHP David Anzaldua
|
Batting: RHB Shane Smith
|
0-0: SINGLE (Line Drive, 34, EV 96.2 MPH)
|
Batting: RHB Toichiro Fujimoto
|
0-0: Foul Ball, location: 2F 0-1: Ball 1-1: Foul Ball, location: 2F 1-2: Ball 2-2: Grounds into double play, 1-6-3 (Groundball, 13S, EV 62.5 MPH)
|
Batting: LHB Josh Kirk
|
0-0: Ball 1-0: Ground out 6-3 (Groundball, 6, EV 98.8 MPH)
|
Top of the 4th over - 0 runs, 1 hit, 0 errors, 0 left on base; Mobile 0 - Columbia 0 |
BOTTOM OF THE 4TH |
Columbia Fireflies batting - Pitching for Mobile BayBears : RHP Zach Wahlin
|
Batting: RHB Billy Walker
|
0-0: Ball 1-0: Foul Ball, location: 2F 1-1: Ball 2-1: Swinging Strike 2-2: Ball 3-2: Base on Balls
|
Batting: RHB Josh Jones
|
0-0: Fly out, F9 (Flyball, 9D, EV 87.5 MPH)
|
Batting: RHB Masaya Nakamura
|
Pickoff Throw to First - Out! 1-3 0-0: Called Strike 0-1: Swinging Strike 0-2: Ball 1-2: Foul Ball, location: 2F 1-2: Ball 2-2: Ball 3-2: Foul Ball, location: 2F 3-2: Ground out 4-3 (Groundball, 4, EV 88.8 MPH)
|
Bottom of the 4th over - 0 runs, 0 hits, 0 errors, 0 left on base; Mobile 0 - Columbia 0 |
TOP OF THE 5TH |
Mobile BayBears batting - Pitching for Columbia Fireflies : RHP David Anzaldua
|
Batting: RHB Andy Schuett
|
0-0: Ground out 4-3 (Groundball, 4M, EV 82.5 MPH)
|
Batting: RHB Franklin Villanueva
|
0-0: Foul Ball, location: 2F 0-1: Fly out, F7 (Line Drive, 7, EV 90.6 MPH)
|
Batting: RHB Scott Carr
|
0-0: Swinging Strike 0-1: Ball 1-1: Foul Ball, location: 2F 1-2: Strikes out swinging
|
Top of the 5th over - 0 runs, 0 hits, 0 errors, 0 left on base; Mobile 0 - Columbia 0 |
BOTTOM OF THE 5TH |
Columbia Fireflies batting - Pitching for Mobile BayBears : RHP Zach Wahlin
|
Batting: LHB Jose Chavez
|
0-0: Foul Ball, location: 2F 0-1: Ball 1-1: Swinging Strike 1-2: Ball 2-2: Strikes out swinging
|
Batting: RHB Mike Phillips
|
0-0: Foul Ball, location: 2F 0-1: Called Strike 0-2: Foul Ball, location: 2F 0-2: Foul Ball, location: 2F 0-2: Foul Ball, location: 2F 0-2: Ball 1-2: Strikes out swinging
|
Batting: LHB Elmo Dreier
|
0-0: Ball 1-0: Ball 2-0: Called Strike 2-1: Ground out 4-3 (Groundball, 4, EV 83.1 MPH)
|
Bottom of the 5th over - 0 runs, 0 hits, 0 errors, 0 left on base; Mobile 0 - Columbia 0 |
TOP OF THE 6TH |
Mobile BayBears batting - Pitching for Columbia Fireflies : RHP David Anzaldua
|
Batting: LHB J.D. Onorati
|
0-0: Ball 1-0: Ball 2-0: Called Strike 2-1: Called Strike 2-2: Ball 3-2: Base on Balls
|
Batting: LHB Josh Gottlieb
|
0-0: Ball 1-0: Called Strike 1-1: Ball 2-1: Called Strike 2-2: Ball 3-2: Foul Ball, location: 2F 3-2: Fielders Choice at 2nd, 4-6 (Groundball, 4, EV 103.8 MPH)
|
Batting: LHB Bobby Arevalo
|
0-0: Fly out, F8 (Flyball, 8RD, EV 96.2 MPH)
|
Batting: RHB Shane Smith
|
0-0: Ball 1-0: Called Strike 1-1: Ball 2-1: Foul Ball, location: 2F 2-2: Foul Ball, location: 2F 2-2: Foul Ball, location: 2F 2-2: Ball 3-2: Base on Balls Josh Gottlieb to second
|
Batting: RHB Toichiro Fujimoto
|
0-0: Called Strike 0-1: Called Strike 0-2: Ball 1-2: Ground out 6-3 (Groundball, 6MS, EV 82.5 MPH)
|
Top of the 6th over - 0 runs, 0 hits, 0 errors, 2 left on base; Mobile 0 - Columbia 0 |
BOTTOM OF THE 6TH |
Columbia Fireflies batting - Pitching for Mobile BayBears : RHP Zach Wahlin
|
Batting: LHB Joel Soto
|
0-0: Ball 1-0: Ball 2-0: DOUBLE (Line Drive, 3D, EV 93.8 MPH)
|
Batting: RHB Jeff Page
|
0-0: Called Strike 0-1: Hit by Pitch
|
Batting: RHB Bill Larsen
|
0-0: Called Strike 0-1: Fly out, F7 (Flyball, 7LD, EV 92.5 MPH) Runner from 2nd tags up, SAFE at 3rd with throw by LF
|
Batting: RHB Billy Walker
|
0-0: Called Strike 0-1: Ball 1-1: Ball 2-1: Ball 3-1: Called Strike 3-2: Foul Ball, location: 2F 3-2: Base on Balls Jeff Page to second
|
Batting: RHB Josh Jones
|
0-0: Ball 1-0: Foul Ball, location: 2F 1-1: Ball 2-1: Foul Ball, location: 2F 2-2: Foul Ball, location: 2F 2-2: Foul Ball, location: 2F 2-2: Strikes out looking
|
Batting: RHB Masaya Nakamura
|
0-0: Fielders Choice at 2nd, 5-4 (Groundball, 5, EV 100.6 MPH)
|
Bottom of the 6th over - 0 runs, 1 hit, 0 errors, 3 left on base; Mobile 0 - Columbia 0 |
TOP OF THE 7TH |
Mobile BayBears batting - Pitching for Columbia Fireflies : RHP David Anzaldua
|
Batting: LHB Josh Kirk
|
0-0: Called Strike 0-1: Foul Ball, location: 2F 0-2: Strikes out swinging
|
Batting: RHB Andy Schuett
|
0-0: DOUBLE (Line Drive, 8RXD, EV 108.1 MPH)
|
Batting: RHB Franklin Villanueva
|
0-0: Ground out 6-3 (Groundball, 6, EV 88.8 MPH)
|
Pinch Hitting: RHB Dave Vargas
|
0-0: Ball 1-0: Ball 2-0: Ball 3-0: Base on Balls
|
Batting: LHB J.D. Onorati
|
0-0: Ball 1-0: Ball 2-0: Swinging Strike 2-1: Foul Ball, location: 2F 2-2: Foul Ball, location: 2F 2-2: Foul Ball, location: 2F 2-2: Ball 3-2: Fly out, F1 (Popup, P, EV 79.4 MPH)
|
Top of the 7th over - 0 runs, 1 hit, 0 errors, 2 left on base; Mobile 0 - Columbia 0 |
BOTTOM OF THE 7TH |
Columbia Fireflies batting - Pitching for Mobile BayBears : RHP Zach Wahlin
|
Now in LF: Dave Vargas
|
|
Batting: LHB Jose Chavez
|
0-0: Called Strike 0-1: Ball 1-1: Foul Ball, location: 2F 1-2: Ground out 4-3 (Groundball, 34D, EV 92.5 MPH)
|
Batting: RHB Mike Phillips
|
0-0: Ball 1-0: Foul Ball, location: 2F 1-1: SINGLE (Line Drive, 89M, EV 85.0 MPH)
|
Batting: LHB Elmo Dreier
|
0-0: Swinging Strike 0-1: DOUBLE (Line Drive, 8RD, EV 98.8 MPH) Mike Phillips to third
|
Batting: LHB Joel Soto
|
0-0: Intentional Walk
|
Pitching: RHP Ming-feng Pi
|
|
Pinch Hitting: LHB Roy Blonski
|
0-0: Ball 1-0: Foul Ball, location: 2F 1-1: Ball 2-1: Foul Ball, location: 2F 2-2: SINGLE (Groundball, 34, EV 98.1 MPH) Mike Phillips scores Elmo Dreier to third Joel Soto to second Runner from 3rd tries for Home, SAFE, throw by RF to home
|
Batting: RHB Bill Larsen
|
0-0: Swinging Strike 0-1: Called Strike 0-2: Foul Ball, location: 2F 0-2: Ball 1-2: Strikes out swinging
|
Batting: RHB Billy Walker
|
0-0: Called Strike 0-1: SINGLE (Flyball, 56D, EV 89.4 MPH) Joel Soto to third Roy Blonski to second
|
Batting: RHB Josh Jones
|
0-0: Foul Ball, location: 2F 0-1: Swinging Strike 0-2: Ball 1-2: Strikes out swinging
|
Bottom of the 7th over - 2 runs, 4 hits, 0 errors, 3 left on base; Mobile 0 - Columbia 2 |
TOP OF THE 8TH |
Mobile BayBears batting - Pitching for Columbia Fireflies : RHP David Anzaldua
|
Pitching: LHP Frank Rowe
|
|
Now in LF: Chris Nelson
|
|
Now in CF: Jose Chavez
|
|
Batting: LHB Josh Gottlieb
|
0-0: Foul Ball, location: 2F 0-1: Ball 1-1: Ball 2-1: Foul Ball, location: 2F 2-2: Ground out 4-3 (Groundball, 4, EV 108.8 MPH)
|
Batting: LHB Bobby Arevalo
|
0-0: Called Strike 0-1: DOUBLE (Line Drive, 9LM, EV 103.1 MPH)
|
Pitching: RHP Ian Daniels
|
|
Batting: RHB Shane Smith
|
0-0: Ball 1-0: Ball 2-0: Ball 3-0: Called Strike 3-1: Foul Ball, location: 2F 3-2: Foul Ball, location: 2F 3-2: Strikes out swinging
|
Batting: RHB Toichiro Fujimoto
|
0-0: Called Strike 0-1: Ball 1-1: 2-RUN HOME RUN (Flyball, 7LD, EV 96.9 MPH), Distance : 351 ft
|
Batting: LHB Josh Kirk
|
0-0: Ball 1-0: Ball 2-0: Called Strike 2-1: Ball 3-1: Swinging Strike 3-2: Strikes out looking
|
Top of the 8th over - 2 runs, 2 hits, 0 errors, 0 left on base; Mobile 2 - Columbia 2 |
BOTTOM OF THE 8TH |
Columbia Fireflies batting - Pitching for Mobile BayBears : RHP Ming-feng Pi
|
Pitching: RHP Rich Garces
|
|
Batting: RHB Masaya Nakamura
|
0-0: Foul Ball, location: 2F 0-1: DOUBLE (Groundball, 5L, EV 109.4 MPH)
|
Pitching: RHP Alex Apolinar
|
|
Batting: LHB Jose Chavez
|
0-0: Called Strike 0-1: Called Strike 0-2: Ball 1-2: Strikes out swinging
|
Batting: RHB Mike Phillips
|
0-0: Intentional Walk
|
Batting: LHB Elmo Dreier
|
0-0: Ball 1-0: Ball 2-0: Bunted foul 2-1: Bunt missed! 2-2: Fly out, F6 (Line Drive, 6, EV 68.1 MPH) Lined into DP, 6-4 (Line Drive, 6, EV 70.0 MPH)
|
Bottom of the 8th over - 0 runs, 1 hit, 0 errors, 1 left on base; Mobile 2 - Columbia 2 |
TOP OF THE 9TH |
Mobile BayBears batting - Pitching for Columbia Fireflies : RHP Ian Daniels
|
Batting: RHB Andy Schuett
|
0-0: Ball 1-0: Ground out 6-3 (Groundball, 6, EV 86.9 MPH)
|
Batting: RHB Franklin Villanueva
|
0-0: Ground out 6-3 (Groundball, 6S, EV 83.1 MPH)
|
Batting: RHB Dave Vargas
|
0-0: Fly out, F9 (Flyball, 9S, EV 86.9 MPH)
|
Top of the 9th over - 0 runs, 0 hits, 0 errors, 0 left on base; Mobile 2 - Columbia 2 |
BOTTOM OF THE 9TH |
Columbia Fireflies batting - Pitching for Mobile BayBears : RHP Alex Apolinar
|
Batting: LHB Joel Soto
|
0-0: Fly out, F2 (Popup, 2R, EV 88.8 MPH)
|
Batting: RHB Chris Nelson
|
0-0: Ball 1-0: Ball 2-0: Called Strike 2-1: Foul Ball, location: 2F 2-2: Foul Ball, location: 2F 2-2: Reached on error, E4 (Flyball, 4D, EV 77.5 MPH)
|
Batting: RHB Bill Larsen
|
0-0: Ground out 5-3 (Groundball, 25, EV 83.1 MPH) Chris Nelson to second
|
Batting: RHB Billy Walker
|
0-0: Ball 1-0: Ground out 1-3 (Groundball, 13S, EV 76.2 MPH)
|
Bottom of the 9th over - 0 runs, 0 hits, 1 error, 1 left on base; Mobile 2 - Columbia 2 |
TOP OF THE 10TH |
Mobile BayBears batting - Pitching for Columbia Fireflies : RHP Ian Daniels
|
Pitching: RHP Casey Cuomo
|
|
Batting: LHB J.D. Onorati
|
0-0: Ball 1-0: Ball 2-0: Called Strike 2-1: Ball 3-1: Called Strike 3-2: Base on Balls
|
Batting: LHB Josh Gottlieb
|
0-0: Ball 1-0: Bunt missed! 1-1: Bunted foul 1-2: Ball 2-2: Ball 3-2: Foul Ball, location: 2F 3-2: Fly out, F9 (Flyball, 9LS, EV 95.0 MPH)
|
Batting: LHB Bobby Arevalo
|
0-0: Ball 1-0: 2-RUN HOME RUN (Flyball, 89XD, EV 104.4 MPH), Distance : 385 ft
|
Batting: RHB Shane Smith
|
0-0: Foul Ball, location: 2F 0-1: Called Strike 0-2: Ground out 6-3 (Groundball, 6, EV 95.0 MPH)
|
Batting: RHB Toichiro Fujimoto
|
0-0: Ball 1-0: Ground out 4-3 (Groundball, 4, EV 87.5 MPH)
|
Top of the 10th over - 2 runs, 1 hit, 0 errors, 0 left on base; Mobile 4 - Columbia 2 |
BOTTOM OF THE 10TH |
Columbia Fireflies batting - Pitching for Mobile BayBears : RHP Alex Apolinar
|
Pitching: RHP Jose Fernandez
|
|
Batting: RHB Josh Jones
|
0-0: SINGLE (Groundball, 56D, EV 110.0 MPH)
|
Batting: RHB Masaya Nakamura
|
0-0: Called Strike 0-1: Ball 1-1: Foul Ball, location: 2F 1-2: Strikes out swinging
|
Batting: LHB Jose Chavez
|
0-0: Ball 1-0: Called Strike 1-1: Foul Ball, location: 2F 1-2: Fly out, F7 (Flyball, 7S, EV 81.2 MPH)
|
Batting: RHB Mike Phillips
|
0-0: Ball 1-0: Foul Ball, location: 2F 1-1: Ground out 1-3 (Groundball, 13S, EV 70.0 MPH)
|
Bottom of the 10th over - 0 runs, 1 hit, 0 errors, 1 left on base; Mobile 4 - Columbia 2 |
|